AoeStats
← aDT_The Night Panda

Lombardia

507989958Analyzed
4v4 RM · 11d ago on Sep 20, 2026· 78m 25s· 8 players
Game mode
Random Map
Map size
Large (8 player)
Population
200
Speed
Normal
Resources
Standard
Victory
Conquest
Starting age
Dark Age
Ending age
Imperial Age
RankedLock teamsTeams togetherTeam positionsShared explorationLock speedFull tech treeHidden civsTurbo modeCheats
Victory
Defeat
🇨🇳 Bengalis · China
1584
+17
🇹🇼 Slavs · Taiwan
1565
+17
🇨🇱 Mongols · Chile
1565
+17
🇩🇪 Romans · Germany
1518
+19
🇩🇰 Mongols · Denmark
1744
-22
🇩🇰 Hindustanis · Denmark
1600
-18
🇩🇰 Khmer · Denmark
1591
-18
🇩🇰 Magyars · Denmark
1445
-12
alumin
9:30 Feudal Age
10:39 Double-Bit Axe
11:18 Horse Collar
16:49 Loom
20:12 Castle Age
18:34 Gold Mining
18:39 Stone Mining
22:27 Wheelbarrow
22:03 Bow Saw
24:40 Heavy Plow
25:30 Hand Cart
27:56 Town Watch
28:04 Gold Mining
33:17 Imperial Age
31:45 Scale Mail Armor
32:06 Forging
31:53 Pikeman
32:33 Squires
32:49 Chain Mail Armor
33:13 Detinets
34:29 Iron Casting
33:31 Halberdier
35:06 Plate Mail Armor
36:13 Conscription
36:09 Elite Boyar
37:03 Druzhina
37:29 Ballistics
38:35 Blast Furnace
37:48 Man-at-Arms
40:50 Onager
45:50 Caravan
48:31 Long Swordsman
50:01 Elite Boyar
50:48 Scale Barding Armor
51:51 Hoardings
52:45 Coinage
52:03 Capped Ram
53:23 Two-Handed Swordsman
57:00 Siege Ram
58:10 Chain Barding Armor
60:15 Champion
62:05 Banking
62:31 Bloodlines
62:21 Husbandry
62:51 Light Cavalry
64:19 Hussar
67:04 Two-Man Saw
70:03 Crop Rotation
peah90
7:23 Loom
10:56 Feudal Age
14:30 Double-Bit Axe
17:20 Horse Collar
23:10 Castle Age
23:20 Pikeman
25:24 Bow Saw
27:27 Wheelbarrow
26:38 Town Watch
27:18 Fletching
30:34 Ballistics
30:48 Forging
32:58 Ballistas
33:51 Gold Mining
37:23 Imperial Age
35:33 Hand Cart
39:10 Chemistry
37:31 Heavy Scorpion
38:46 Conscription
39:49 Siege Engineers
42:01 Halberdier
49:34 Iron Casting
48:59 Scale Mail Armor
51:17 Blast Furnace
50:14 Halberdier
50:55 Squires
54:06 Chain Mail Armor
55:24 Heavy Plow
55:29 Bodkin Arrow
55:02 Capped Ram
65:03 Caravan
68:07 Gold Shaft Mining
67:44 Siege Ram
jiraiona
6:27 Loom
9:11 Feudal Age
9:52 Double-Bit Axe
10:15 Horse Collar
10:56 Man-at-Arms
16:04 Wheelbarrow
15:56 Forging
17:01 Bloodlines
17:27 Scale Barding Armor
21:58 Castle Age
21:12 Gold Mining
22:01 Light Cavalry
23:39 Heavy Plow
23:50 Bow Saw
24:16 Husbandry
25:47 Iron Casting
25:37 Chain Barding Armor
25:45 Hand Cart
26:56 Fletching
27:36 Town Watch
28:15 Stone Mining
29:00 Gold Shaft Mining
31:14 Town Patrol
34:19 Imperial Age
32:12 Ballistics
31:43 Treadmill Crane
32:16 Bodkin Arrow
32:22 Padded Archer Armor
33:41 Iron Casting
33:55 Leather Archer Armor
35:11 Bracer
34:33 Elite Elephant Archer
35:53 Conscription
36:46 Ring Archer Armor
39:06 Guilds
40:00 Chemistry
39:53 Murder Holes
40:04 Siege Engineers
40:09 Masonry
41:17 Crop Rotation
43:10 Paiks
44:03 Architecture
44:04 Caravan
44:34 Coinage
56:56 Banking
60:49 Plate Barding Armor
61:14 Blast Furnace
60:19 Siege Elephant
62:29 Guard Tower
62:50 Fortified Wall
62:26 Arrowslits
73:33 Herbal Medicine
73:54 Onager
75:12 Keep
76:17 Heavy Scorpion
[CL] ßitokø × 1876
5:33 Loom
9:40 Feudal Age
10:40 Double-Bit Axe
10:35 Horse Collar
20:39 Castle Age
22:26 Bow Saw
22:16 Heavy Plow
23:40 Wheelbarrow
26:55 Hand Cart
27:11 Gold Mining
27:11 Stone Mining
32:42 Imperial Age
31:32 Fletching
31:42 Padded Archer Armor
32:42 Bodkin Arrow
33:18 Ballistics
33:04 Elite Mangudai
34:10 Conscription
35:12 Chemistry
34:20 Husbandry
34:34 Bloodlines
35:01 Bracer
35:13 Masonry
34:56 Stone Mining
35:41 Gold Shaft Mining
36:04 Siphons
36:18 Fortified Wall
36:57 Leather Archer Armor
36:47 Scale Barding Armor
36:53 Forging
37:30 Parthian Tactics
37:22 Thumb Ring
38:20 Caravan
39:39 Chain Barding Armor
39:54 Iron Casting
39:27 Siege Engineers
40:40 Light Cavalry
45:17 Hussar
50:40 Coinage
52:35 Blast Furnace
51:35 Scale Mail Armor
51:56 Town Watch
51:48 Capped Ram
52:40 Siege Ram
53:48 Drill
54:04 Onager
55:31 Chain Mail Armor
56:36 Stone Shaft Mining
56:37 Gold Shaft Mining
55:40 Siege Onager
58:56 Plate Mail Armor
68:08 Banking
DK | murphelele
6:40 Loom
9:12 Feudal Age
10:16 Double-Bit Axe
21:58 Castle Age
20:18 Scale Barding Armor
20:46 Fletching
21:11 Bloodlines
21:20 Horse Collar
22:20 Padded Archer Armor
24:32 Bodkin Arrow
24:44 Thumb Ring
24:49 Husbandry
27:37 Leather Archer Armor
27:54 Town Watch
28:53 Wheelbarrow
29:47 Ballistics
38:04 Imperial Age
36:52 Gold Mining
38:15 Heavy Cavalry Archer
39:27 Bracer
41:22 Chemistry
41:40 Recurve Bow
42:08 Siege Engineers
42:30 Conscription
42:30 Caravan
42:51 Hand Cart
45:30 Chain Barding Armor
46:51 Plate Barding Armor
46:48 Ring Archer Armor
47:14 Corvinian Army
52:13 Parthian Tactics
57:33 Elite Magyar Huszar
61:06 Bow Saw
64:56 Heavy Plow
65:59 Two-Man Saw
76:36 Crossbowman
78:37 Town Patrol
aDT_The Night Panda
9:46 Feudal Age
8:02 Loom
13:28 Castle Age
11:23 Double-Bit Axe
11:57 Horse Collar
15:32 Bow Saw
19:29 Heavy Plow
20:39 Town Watch
21:58 Wheelbarrow
22:21 Stone Mining
22:22 Gold Mining
23:49 Gold Shaft Mining
23:53 Stone Shaft Mining
26:43 Gold Shaft Mining
29:37 Imperial Age
27:20 Fletching
27:57 Bodkin Arrow
28:38 Hand Cart
29:07 Padded Archer Armor
30:09 Leather Archer Armor
30:48 Conscription
30:32 Bracer
31:26 Ballistics
32:34 Parthian Tactics
32:14 Thumb Ring
32:47 Bloodlines
32:38 Husbandry
32:04 Elite Mangudai
33:32 Husbandry
34:36 Chemistry
34:26 Town Patrol
35:01 Masonry
36:12 Hoardings
35:42 Capped Ram
37:02 Nomads
37:23 Siege Ram
38:46 Coinage
39:20 Drill
41:11 Banking
40:42 Caravan
40:52 Siege Engineers
51:00 Onager
53:20 Siege Onager
DK | MadsKillz
6:31 Loom
8:55 Feudal Age
9:30 Double-Bit Axe
10:24 Horse Collar
14:22 Forging
15:30 Scale Barding Armor
17:58 Wheelbarrow
21:17 Castle Age
19:57 Gold Mining
22:06 Bloodlines
22:31 Chain Barding Armor
22:23 Bow Saw
26:40 Husbandry
29:57 Heavy Plow
31:12 Hand Cart
34:26 Imperial Age
33:33 Iron Casting
33:00 Grand Trunk Road
34:32 Heavy Camel Rider
35:48 Plate Barding Armor
35:38 Conscription
36:07 Imperial Camel Rider
38:38 Blast Furnace
37:54 Town Watch
37:42 Light Cavalry
39:17 Gold Shaft Mining
38:33 Stone Mining
39:12 Fletching
40:02 Scale Mail Armor
39:34 Hussar
40:45 Scale Mail Armor
41:52 Chain Mail Armor
41:39 Squires
42:25 Elite Ghulam
44:18 Fortified Wall
45:05 Bodkin Arrow
45:31 Ballistics
46:16 Chemistry
45:58 Arson
46:42 Masonry
46:54 Ballistics
46:35 Bracer
47:33 Stone Shaft Mining
51:42 Caravan
56:10 Guard Tower
56:16 Murder Holes
60:12 Coinage
65:21 Banking
65:33 Siege Engineers
67:23 Town Patrol
72:04 Hoardings
75:21 Two-Man Saw
Kejserguldbajer 2.
8:44 Loom
11:30 Feudal Age
14:36 Castle Age
13:17 Double-Bit Axe
14:33 Horse Collar
20:34 Bow Saw
22:37 Wheelbarrow
24:15 Hand Cart
24:04 Heavy Plow
24:46 Town Watch
30:49 Imperial Age
29:19 Gold Mining
29:36 Scale Barding Armor
29:41 Forging
30:42 Bloodlines
30:32 Husbandry
31:46 Chain Barding Armor
32:01 Iron Casting
32:18 Iron Casting
31:09 Light Cavalry
33:09 Plate Barding Armor
34:20 Blast Furnace
33:53 Elite Battle Elephant
37:10 Caravan
41:44 Crop Rotation
42:26 Hussar
47:19 Tusk Swords
48:25 Conscription
50:00 Hoardings
62:12 Coinage
71:20 Siege Engineers
71:29 Fortified Wall
71:30 Masonry
71:40 Ballistics
72:21 Chemistry
Connection lost

Rejoining the realm…

Still unreachable

The connection could not be restored.

Session expired

The server has moved on; the page needs a fresh start.